 Dungeon Sprint DCSS version 0.32-a0-616-g9348d4545b (webtiles) character file.

Game seed: 14908668881400169160

2420 Prakerore the Spear-Bearer (level 9, 0/78 HPs)
             Began as a Coglin Berserker on Mar 5, 2024.
             Was the Champion of Trog.
             Killed from afar by an orc wizard (3 damage)
             ... with a puff of flame
             ... in the Dungeon (Sprint VII: "The Pits").
             The game lasted 00:05:28 (654 turns).

Prakerore the Spear-Bearer (Coglin Berserker)        Turns: 654, Time: 00:05:29

Health: 0/78       AC: 16    Str: 22    XL:     9   Next: 48%
Magic:  9/9        EV:  8    Int:  6    God:    Trog [******]
Gold:   0          SH:  0    Dex: 14    Spells: 8/8 levels left

rFire   + . .        u - +1 broad axe (freeze) {Gebhard}
rCold   . . .        p - +0 trident (heavy) {Tertia}
rNeg    . . .        s - +3 plate armour {rF+}
rPois   .            r - +0 helmet
rElec   .            (no cloak)
rCorr   .            (no gloves)
SInv    .            (no boots)
Will    .....        (amulet unavailable) Stlth
                     (ring unavailable)
HPRegen 0.33/turn    (ring unavailable)
MPRegen 0.11/turn    (no gizmo)

%: no teleportation
@: on berserk cooldown, slowed, revving, very slow
A: off-hand wielding, slow wielding, warmup strikes, no jewellery
a: Invent Gizmo, Renounce Religion, Berserk, Trog's Hand, Brothers in Arms


You were in the Dungeon.
You worshipped Trog.
Trog was exalted by your worship.
You visited 1 branch

Inventory:

Hand Weapons
 a - a +0 hand axe {Joji}
 c - a +0 dagger {Zhen}
 j - a +2 trident {Juwon}
 k - a +2 hand axe {Paramjit}
 o - a +0 hand axe of freezing {Kun}
 p - a +0 heavy trident (offhand) {Tertia}
 u - a +1 broad axe of freezing (weapon) {Gebhard}
Armour
 b - a +0 animal skin
 q - a +3 chain mail
 r - a +0 helmet (worn)
 s - a +3 plate armour of fire resistance (worn)
Scrolls
 i - a scroll of blinking
 m - 2 scrolls of vulnerability
 n - a scroll of butterflies
Potions
 d - 7 potions of curing
 e - 12 potions of heal wounds
 f - 2 potions of haste
 g - 4 potions of magic
 h - 4 potions of berserk rage
 l - a potion of invisibility
 t - a potion of mutation


   Skills:
 - Level 9.8 Fighting
 + Level 10.9(13.8) Axes
 - Level 12.6(14.0) Polearms
 - Level 5.7 Armour
 - Level 5.7 Dodging


You had 8 spell levels left.
You didn't know any spells.
Your spell library was empty.

Dungeon Overview and Level Annotations

Branches:
Dungeon (1/1)

Altars:
Cheibriados
Dithmenos
Elyvilon
Fedhas
Gozag
Hepliaklqana
Makhleb
Nemelex Xobeh
Okawaru
Qazlal
Ru
Sif Muna
Trog
Wu Jian
Xom
Yredelemnul
Zin
The Shining One
Jiyva


Innate Abilities, Weirdness & Mutations

You can wield a second weapon in your off-hand.
It takes a long time for you to wield or remove held weapons.
Your first few attacks do less damage.
You cannot equip rings or amulets.


Message History

You reach to attack!
You closely miss the orc priest with your +0 heavy trident.
Something hits you but does no damage.
You are electrocuted!
* * * LOW HITPOINT WARNING * * *
The orc priest hits you from afar with a +0 trident.
* * * LOW HITPOINT WARNING * * *
Hit: u) +1 broad axe (freeze) {Gebhard}
Press: ? - help, Dir - move target, f/p - orc priest
Aim: an orc priest, wielding a +0 trident (about 34% to evade your +1 broad axe of freezing)
You reach to attack!
You closely miss the orc priest with your +0 heavy trident.
Unknown command.
Hit: u) +1 broad axe (freeze) {Gebhard}
Press: ? - help, Dir - move target, f/p - orc priest
Aim: an orc priest, wielding a +0 trident (about 34% to evade your +1 broad axe of freezing)
You reach to attack!
You puncture the orc priest with your +0 heavy trident!
The orc priest calls down the wrath of Beogh upon you.
You struggle to resist.
Something hits you but does no damage.
Hit: u) +1 broad axe (freeze) {Gebhard}
Press: ? - help, Dir - move target, f/p - orc priest
Aim: an orc priest, wielding a +0 trident (severely wounded, about 34% to evade your +1 broad axe of freezing)
You reach to attack!
You puncture the orc priest with your +0 heavy trident!
You kill the orc priest!
Trog accepts your kill.
You barely miss something with your +1 broad axe of freezing.
Something hits you but does no damage.
Training target 14.0 for Polearms reached!
Unknown command.
You feel a strong urge to attack something.
You are no longer berserk.
You are exhausted.
You feel yourself slow down.
Okay, then.
You start resting.
You hear some strange, mumbled words.
A puff of flame appears from out of thin air!
The puff of flame hits you. You resist.
You die...

####'##................#
)))'.##......#..#......#
####)##................+
......'................+
#'#####......#..#......#
..#.[##................#
..#).#####'#####''#####
###))##.......##''#####
..#.)##.......##@.....#
..#..##.......##{.....#
)##'###...<...###.)..##
.....##.......# ##)'##
.....##.......# #))).#
#######.......##.)....#
..#..###########......+
..#.############......#
..#.#....#..[[###....##


There were no monsters in sight!

Vanquished Creatures
  A deep troll (D)
  A bog body (D)
  A gargoyle (D)
  A polar bear (D)
  A glass eye (D)
  A sky beast (D)
  A black bear (D)
  An orc warrior (D)
  A centaur (D)
  A phantom (D)
  A weeping skull (D)
  A jelly (D)
  4 orc priests (D)
  2 orc wizards (D)
  A river rat (D)
  An adder zombie (D)
  6 orcs (D)
  2 endoplasms (D)
  A giant cockroach (D)
  A goblin (D)
  A frilled lizard (D)
  A giant cockroach zombie (D)
  2 kobolds (D)
  2 rats (D)
36 creatures vanquished.

Notes
Turn   | Place    | Note
-------+----------+-------------------------------------------
     0 | D        | Prakerore the Coglin Berserker began the quest for the Orb.
     0 | D        | Reached XP level 1. HP: 18/18 MP: 1/1
    58 | D        | Found a glowing golden altar of the Shining One.
    58 | D        | Found a glowing silver altar of Zin.
    58 | D        | Found a basalt altar of Yredelemnul.
    58 | D        | Found a shimmering altar of Xom.
    58 | D        | Found an ornate altar of the Wu Jian Council.
    58 | D        | Found a bloodstained altar of Trog.
    58 | D        | Found a shimmering blue altar of Sif Muna.
    58 | D        | Found a sacrificial altar of Ru.
    58 | D        | Found a stormy altar of Qazlal.
    58 | D        | Found an iron altar of Okawaru.
    58 | D        | Found a sparkling altar of Nemelex Xobeh.
    58 | D        | Found a burning altar of Makhleb.
    58 | D        | Found a viscous altar of Jiyva.
    58 | D        | Found a hazy altar of Hepliaklqana.
    58 | D        | Found an opulent altar of Gozag.
    58 | D        | Found a blossoming altar of Fedhas.
    58 | D        | Found a white marble altar of Elyvilon.
    58 | D        | Found a shadowy altar of Dithmenos.
    58 | D        | Found a snail-covered altar of Cheibriados.
    67 | D        | Reached ** piety under Trog
    78 | D        | Noticed an orc wizard
    78 | D        | Noticed an orc priest
    78 | D        | Noticed a glass eye
    83 | D        | Reached XP level 2. HP: 24/24 MP: 2/2
    85 | D        | Reached *** piety under Trog
    86 | D        | Reached skill level 5 in Axes
    97 | D        | Killed a glass eye
    98 | D        | Reached skill level 7 in Polearms
    98 | D        | Reached skill level 5 in Dodging
    98 | D        | Reached XP level 3. HP: 29/29 MP: 3/3
    98 | D        | Reached XP level 4. HP: 35/35 MP: 4/4
    98 | D        | Reached XP level 5. HP: 41/41 MP: 5/5
   104 | D        | Reached **** piety under Trog
   108 | D        | Reached skill level 5 in Fighting
   108 | D        | Reached XP level 6. HP: 51/51 MP: 6/6
   175 | D        | Noticed a black bear
   175 | D        | Noticed an orc warrior
   181 | D        | Reached ***** piety under Trog
   208 | D        | Reached skill level 8 in Polearms
   216 | D        | Killed a black bear
   217 | D        | Reached skill level 9 in Polearms
   222 | D        | Killed an orc warrior
   223 | D        | Reached skill level 10 in Polearms
   223 | D        | Reached XP level 7. HP: 56/56 MP: 7/7
   281 | D        | Reached skill level 11 in Polearms
   282 | D        | Noticed a polar bear
   291 | D        | Killed a polar bear
   292 | D        | Reached skill level 12 in Polearms
   415 | D        | Reached XP level 8. HP: 62/62 MP: 8/8
   415 | D        | Reached ****** piety under Trog
   418 | D        | Reached skill level 5 in Armour
   456 | D        | Noticed a deep troll
   466 | D        | Killed a deep troll
   635 | D        | Noticed a gargoyle
   636 | D        | Noticed a bog body
   640 | D        | Received a gift from Trog
   644 | D        | Killed a bog body
   644 | D        | Killed a gargoyle
   645 | D        | Reached skill level 10 in Axes
   645 | D        | Reached XP level 9. HP: 13/78 MP: 9/9
   646 | D        | HP: 2/117 [something (11)]
   654 | D        | Killed from afar by an orc wizard

Illustrated notes

Levels and vault maps discovered:
D:        pitsprint [storerooms_1, entrance_room_1, metal_vault_2, armoury_1,
          mini_pit_1, grid_room_1, main_hall_1, silver_pit, the_coven_2,
          the_vestibule_1, steel_vault_2, golden_pit, hallway_of_sentries,
          crystal_vault_4, iron_vault_2, final_vault]

Skill      XL: |  1  2  3  4  5  6  7  8 |
---------------+-------------------------+-----
Axes           | 4 6 10 | 10.9
Polearms       | 7 10 12 | 12.6
Dodging        | 5 |  5.7
Fighting       | 5 9 |  9.8
Armour         | 4 5 |  5.7

Action                     |  1- 3 |  4- 6 |  7- 9 || total
---------------------------+-------+-------+-------++-------
  Melee: Hand axe          |    20 |    24 |    30 ||    74
         Trident           |    20 |    32 |    46 ||    98
         Dagger            |     1 |       |       ||     1
         Broad axe         |       |       |     3 ||     3
 Invoke: Trog's Hand       |     1 |       |       ||     1
         Berserk           |       |     1 |     3 ||     4
    Use: Potion            |     1 |       |       ||     1
   Stab: Sleeping          |     2 |       |       ||     2
         Invisible         |     1 |     2 |       ||     3
 Armour: Animal skin       |     3 |       |       ||     3
         Chain mail        |       |    13 |    21 ||    34
         Plate armour      |       |       |    11 ||    11
  Dodge: Dodged            |     2 |     9 |    20 ||    31

Table legend: (Time is in decaauts)
 A = Elapsed time spent in this place.
 B = Non-inter-level travel time spent in this place.
 C = Inter-level travel time spent in this place.
 D = Time resting spent in this place.
 E = Time spent auto-exploring this place.
 F = Levels seen in this place.
 G = Mean time per level.
                   A        B        C        D        E       F      G
               +--------+--------+--------+--------+--------+-----+--------+
         Total |    671 |    622 |     49 |    208 |     22 |   1 |  671.0 |
       Dungeon |    671 |    622 |     49 |    208 |     22 |   1 |  671.0 |
               +--------+--------+--------+--------+--------+-----+--------+

Top non-repeatable levels by time:
       D: 671 daAuts
